 Dungeon Crawl Stone Soup version 0.30-a0-168-g0b976cbdc4 (webtiles) character file.

Game seed: 4466546339143582849

94 qw the Chopper (level 4, -3/28 HPs)
             Began as a Gargoyle Fighter on Sept 29, 2022.
             Slain by a gnoll
             ... wielding a +0 spear
              (4 damage)
             ... on level 2 of the Dungeon.
             The game lasted 00:00:39 (1410 turns).

qw the Chopper (Gargoyle Fighter)                   Turns: 1410, Time: 00:00:40

Health: -3/28      AC: 14    Str: 22    XL:     4   Next: 63%
Magic:  4/4        EV:  9    Int:  8    God:
Gold:   91         SH:  4    Dex:  9    Spells: 3/3 levels left

rFire   . . .      SeeInvis .    Y - +0 war axe
rCold   . . .      Faith    .    c - +0 buckler
rNeg    + . .      Spirit   .    b - +0 scale mail
rPois   inf        Reflect  .    g - +2 helmet
rElec   +          Harm     .    (no cloak)
rCorr   .          Rampage  .    (no gloves)
Will    .....                    i - +0 pair of boots
Stlth   ..........               (no amulet)
HPRegen 0.09/turn                (no ring)
MPRegen 0.09/turn                (no ring)

@: no status effects
A: sickness immunity, AC +3, negative energy resistance 1, electricity
resistance, torment resistance 1, petrification resistance
a: no special abilities


You were on level 2 of the Dungeon.
You visited 1 branch of the dungeon, and saw 2 of its levels.

You collected 91 gold pieces.


Innate Abilities, Weirdness & Mutations

You are immune to sickness and miasma.
Your stone body is resilient. (AC +3)
You are immune to poison.
You resist negative energy. (rN+)
You are resistant to electric shocks. (rElec)
You are resistant to unholy torment.
You are immune to petrification.


   Skills:
 - Level 3.2 Fighting
 + Level 4.3 Axes
 - Level 3.2 Armour
 - Level 3.2 Shields


You had 3 spell levels left.
You didn't know any spells.
Your spell library was empty.

Inventory:

Hand Weapons
 h - a +0 mace
 Y - a +0 war axe (weapon)
Armour
 b - a +0 scale mail (worn)
 c - a +0 buckler (worn)
 g - a +2 helmet (worn)
 i - a +0 pair of boots (worn)
Jewellery
 k - a ring of ice
Scrolls
 j - a scroll of identify
Potions
 a - a potion of mutation {unknown}
 d - a potion of might
 e - a potion of attraction {unknown}

Dungeon Overview and Level Annotations

Branches:
Dungeon (2/15)

Altars:
Kikubaaqudgha


Message History

You hit the gnoll. You miss the kobold. You closely miss the gnoll.
The gnoll hits you but does no damage. You block the kobold's attack.
The gnoll hits you but does no damage. The kobold barely misses you.
The gnoll barely misses you. The kobold hits you but does no damage.
The gnoll barely misses you.
You barely miss the gnoll.
The gnoll is severely wounded.
You hit the kobold.
You kill the kobold!
You barely miss the gnoll. You barely miss the kobold.
You block the kobold's attack. The gnoll hits you with a +0 spear. x2
You closely miss the gnoll.
The gnoll is severely wounded.
You closely miss the kobold. You hit the gnoll.
The gnoll hits you but does no damage. The kobold hits you but does no damage.
You block the gnoll's attack.
You hit the gnoll but do no damage.
The gnoll is severely wounded.
You hit the gnoll but do no damage. You completely miss the kobold.
The kobold closely misses you. The gnoll completely misses you.
The gnoll hits you but does no damage. You block the kobold's attack.
The gnoll hits you but does no damage. x2
You hit the gnoll.
You kill the gnoll!
You barely miss the gnoll. You barely miss the kobold.
The kobold barely misses you. The gnoll hits you with a +0 spear.
You hit the gnoll but do no damage.
The gnoll is moderately wounded.
You hit the kobold. The kobold completely misses you.
The gnoll barely misses you.
You hit the kobold but do no damage.
The kobold is severely wounded.
You hit the gnoll. The kobold hits you but does no damage.
The gnoll hits you with a +0 spear. The kobold misses you.
The gnoll barely misses you.
You hit the gnoll but do no damage.
The gnoll is severely wounded.
You hit the kobold but do no damage. The gnoll hits you with a +0 spear.
You die...

..........#
#>........#
#.........#
#.........###
............
#.........#
.!....)gK.#
#.....)@..#####
....!..........
#
....###.#.#####
# ... #.#.# #
#.#.# # #.#.# #
#.#.# ####.#.#
#....#.#


You could see a gnoll and a kobold.

Vanquished Creatures
  3 gnolls
  2 adders (D:2)
  A dart slug (D:1)
  5 ball pythons (D:1)
  A bat (D:2)
  4 endoplasms (D:1)
  5 giant cockroaches
  6 goblins
  6 hobgoblins
  3 frilled lizards
  4 kobolds
  5 rats (D:1)
45 creatures vanquished.

Notes
Turn   | Place    | Note
-------+----------+-------------------------------------------
     0 | D:1      | qw the Gargoyle Fighter began the quest for the Orb.
     0 | D:1      | Reached XP level 1. HP: 14/14 MP: 1/1
     0 | D:1      | 0 ||| qw: Version: 0.2-a-12-gaebbb33
     0 | D:1      | 0 ||| qw: Game counter: 1257
     0 | D:1      | 0 ||| qw: Always use a shield: true
     0 | D:1      | 0 ||| qw: God list: Okawaru
     0 | D:1      | 0 ||| qw: Allow faded altars: false
     0 | D:1      | 0 ||| qw: Do Orc after D:15 true
     0 | D:1      | 0 ||| qw: Do second Lair branch before Depths: true
     0 | D:1      | 0 ||| qw: Lair rune preference: random
     0 | D:1      | 0 ||| qw: Plans: Normal, Zot:1-4, God:TSO, Crypt, Tomb,
                  | Pan, Slime:5, Hells, Abyss, Orb
     0 | D:1      | 0 ||| PLANNING D:1-11
    21 | D:1      | 21 ||| Stepping ~*~*~tactically~*~*~ (stealth).
    22 | D:1      | 22 ||| Stepping ~*~*~tactically~*~*~ (stealth).
    30 | D:1      | Reached skill level 2 in Axes
    86 | D:1      | Reached XP level 2. HP: 14/19 MP: 2/2
    88 | D:1      | 88 ||| Stepping ~*~*~tactically~*~*~ (stealth).
    89 | D:1      | 89 ||| Stepping ~*~*~tactically~*~*~ (stealth).
   298 | D:1      | 298 ||| Stepping ~*~*~tactically~*~*~ (stealth).
   299 | D:1      | 299 ||| Stepping ~*~*~tactically~*~*~ (stealth).
   304 | D:1      | Reached skill level 3 in Axes
   304 | D:1      | Reached XP level 3. HP: 17/23 MP: 3/3
   311 | D:1      | 311 ||| Stepping ~*~*~tactically~*~*~ (stealth).
   905 | D:1      | 905 ||| Stepping ~*~*~tactically~*~*~ (stealth).
   918 | D:1      | Found a faded altar of an unknown god.
   921 | D:1      | 921 ||| UPGRADING to +2 helmet.
   926 | D:1      | 926 ||| UPGRADING to +0 pair of boots.
   931 | D:1      | 931 ||| READING scroll labelled NIQECAREJEQ.
   932 | D:1      | 932 ||| READING scroll labelled OXZOIC QUPIKU.
   933 | D:1      | 933 ||| READING 2 scrolls labelled BEIDWE XOHO.
  1101 | D:2      | Found an ancient bone altar of Kikubaaqudgha.
  1119 | D:2      | 1119 ||| Stepping ~*~*~tactically~*~*~ (stealth).
  1247 | D:2      | 1247 ||| DROPPING +0 club.
  1279 | D:2      | Reached XP level 4. HP: 28/28 MP: 4/4
  1357 | D:2      | Reached skill level 4 in Axes
  1407 | D:2      | HP: 7/28 [gnoll/+0 spear (3)]
  1409 | D:2      | HP: 1/28 [gnoll/+0 spear (6)]
  1410 | D:2      | Slain by a gnoll

Levels and vault maps discovered:
D:1:      roderic_octagonal_star, layout_rooms,
          hellmonk_ecumenical_altar_prayer_group
D:2:      layout_loops_ring, basic_altar

Skill      XL: |  1  2  3  4 |
---------------+-------------+-----
Axes           | 2 3 4 |  4.3
Fighting       | |  3.2
Armour         | |  3.2
Shields        | |  3.2

Action                   |  1- 3 |  4- 6 || total
-------------------------+-------+-------++-------
Melee: War axe           |    96 |    29 ||   125
  Use: Scroll            |     3 |       ||     3
Armor: Scale mail        |    49 |    24 ||    73
Dodge: Dodged            |    45 |    27 ||    72
Block: Buckler           |    16 |    12 ||    28

Table legend:
 A = Non-vault XP
 B = Vault XP
 C = Vault XP percentage of total XP
 D = Non-vault monster count
 E = Vault monster count
 F = Vault count percentage of total count
                 A         B        C        D         E       F
            +---------+---------+-------+---------+---------+-------
      Total |     130 |       5 |   3.7 |      42 |       3 |   6.7
            +---------+---------+-------+---------+---------+-------
        D:1 |      59 |       5 |   7.8 |      28 |       3 |   9.7
        D:2 |      71 |       0 |   0.0 |      14 |       0 |   0.0
            +---------+---------+-------+---------+---------+-------
